 Dungeon Crawl Stone Soup version 0.24-a0-346-ge062c78e24 (console) character file.

Game seed: 14260884652860222874

845 Dragon00 the Chopper (level 7, -2/62 HPs)
             Began as a Minotaur Berserker on May 22, 2019.
             Was a Priest of Trog.
             Succumbed to Ijyb's poison gas
             ... on level 5 of the Dungeon.
             The game lasted 00:15:30 (3938 turns).

Dragon00 the Chopper (Minotaur Berserker)           Turns: 3938, Time: 00:15:31

Health: -2/62      AC:  7    Str: 21    XL:     7   Next: 68%
Magic:  6/6        EV: 12    Int:  4    God:    Trog [***...]
Gold:   130        SH:  0    Dex: 12    Spells: 6/6 levels left

rFire    . . .     SeeInvis .   a - +0 hand axe
rCold    . . .     Gourm    .   (no shield)
rNeg     . . .     Faith    .   p - +0 scale mail
rPois    .         Spirit   .   (helmet restricted)
rElec    .         Reflect  .   (no cloak)
rCorr    .         Harm     .   (no gloves)
MR       ++...                  (no boots)
Stlth    ..........             (no amulet)
HPRegen  1.20/turn              (no ring)
MPRegen  0.10/turn              (no ring)

@: lethally poisoned (-2 -> -37), berserk cooldown, regenerating, slowed, very
slow
A: retaliatory headbutt, horns 2
a: Berserk, Trog's Hand, Renounce Religion


You were on level 5 of the Dungeon.
You worshipped Trog.
Trog was most pleased with you.
You were very hungry.

You visited 1 branch of the dungeon, and saw 5 of its levels.

You collected 130 gold pieces.

Inventory:

Hand Weapons
 a - a +0 hand axe (weapon)
Missiles
 f - 118 stones (quivered)
 n - 29 sling bullets
Armour
 p - a +0 scale mail (worn)
 t - a +0 cloak
Jewellery
 k - an uncursed ring of magical power {unknown}
 v - the amulet "Cianlin" {Reflect +Fly Str+8 Int-5 Dex-3 SH+3, unknown}
   (You found it on level 4 of the Dungeon)

   [amulet of reflection]

   It shields you and reflects attacks.
   It affects your strength (+8).
   It affects your intelligence (-5).
   It affects your dexterity (-3).
   It lets you fly.
   It affects your SH (+3).
Wands
 u - a wand of flame (16)
Scrolls
 e - a scroll of fog {unknown}
 g - a scroll of noise {unknown}
 h - 2 scrolls of teleportation {unknown}
 l - 3 scrolls of remove curse {unknown}
 o - 2 scrolls of enchant armour {unknown}
 q - 4 scrolls of identify {unknown}
 r - a scroll of enchant weapon {unknown}
 w - a scroll of immolation {unknown}
Potions
 b - a potion of flight {unknown}
 d - a potion of invisibility {unknown}
 i - 3 potions of curing
 j - a potion of magic {unknown}
 s - a potion of ambrosia {unknown}
Comestibles
 c - 9 rations


   Skills:
 + Level 5.9 Fighting
 * Level 7.5 Axes
 + Level 5.2 Armour
 + Level 4.7 Dodging


You had 6 spell levels left.
You didn't know any spells.
Your spell library was empty.

Dungeon Overview and Level Annotations

Branches:
Dungeon (5/15)
 Temple: D:4-7

Altars:
Kikubaaqudgha
Okawaru

Annotations:
D:5 Duvessa


Innate Abilities, Weirdness & Mutations

You reflexively headbutt those who attack you in melee.
You have a pair of horns on your head.


Message History

You feel very sick.
Items here: )) [ † a +0 hand axe; a +0 dagger; a +0 robe; a frilled lizard corpse You slash Ijyb!
You kill Ijyb!
Trog accepts your kill.
* * * LOW HITPOINT WARNING * * *
You feel very sick.
* * * LOW HITPOINT WARNING * * *
You feel very sick.
Items here: ! ) [ † a +0 club; a +0 ring mail; a smoky sapphire potion; the goblin corpse of Ijyb You feel a strong urge to attack something.
* * * LOW HITPOINT WARNING * * *
You feel very sick.
Duvessa seems less confused.
You are no longer berserk.
You are exhausted.
You feel yourself slow down.
You die...

..........▓ ▓▓▓▓–▓▓–▓▓▓
....▓▓▓▓▓
▓....▓▓..▓▓▓▓▓.......▓
.............+.......▓
.............▓.......+
..>..........▓.......▓
▓....▓▓..▓▓▓–▓..e....▓
▓....▓▓+▓▓▓..▓.......▓
+....▓......†▓§.@....+
▓>...▓.....§§§○......▓
▓....▓▓....§§▓§§)....▓.
▓..▓▓§.▓§).....–.. ▓..
▓..▓§.(....▓.. ...
...▓.......▓ . ..
▓...+.......▓
▓▓..▓......P▓
▓..▓.........


You could see Duvessa (berserk).

Vanquished Creatures
  Sigmund (D:2)
  An ogre (D:3)
  Dowan (D:5)
  A howler monkey (D:4)
  2 hounds (D:4)
  Crazy Yiuf (D:3)
  An iguana (D:4)
  Jessica (D:2)
  Natasha (thrice) (D:2)
  3 worker ants
  An orc wizard (D:5)
  Ijyb (D:5)
  A worker ant zombie (D:5)
  5 adders
  An ooze (D:1)
  2 adder skeletons (D:4)
  3 dart slugs
  3 leopard geckos
  9 orcs
  7 giant cockroaches
  12 goblins
  14 hobgoblins
  4 jackals (D:2)
  6 kobolds
  2 quokkas (D:2)
  5 bats
  10 frilled lizards
  7 rats
108 creatures vanquished.

Vanquished Creatures (others)
  An orc wizard (D:5)
  An orc (D:5)
2 creatures vanquished.

Grand Total: 110 creatures vanquished

Notes
Turn   | Place    | Note
-------+----------+-------------------------------------------
     0 | D:1      | Dragon00 the Minotaur Berserker began the quest for the
                  | Orb.
     0 | D:1      | Reached XP level 1. HP: 19/19 MP: 0/0
   124 | D:1      | Reached XP level 2. HP: 26/27 MP: 1/1
   196 | D:1      | Reached skill level 4 in Axes
   824 | D:2      | Reached XP level 3. HP: 33/33 MP: 2/2
   894 | D:2      | Noticed Natasha
   899 | D:2      | Reached ** piety under Trog
   902 | D:2      | Killed Natasha
   914 | D:2      | Noticed Natasha
  1018 | D:2      | Reached XP level 4. HP: 39/40 MP: 3/3
  1051 | D:2      | Killed Natasha
  1275 | D:2      | Noticed Sigmund
  1284 | D:2      | Killed Sigmund
  1284 | D:2      | Reached skill level 5 in Axes
  1284 | D:2      | Reached XP level 5. HP: 47/47 MP: 4/4
  1288 | D:2      | Reached XP level 6. HP: 55/55 MP: 5/5
  1299 | D:2      | Noticed Natasha
  1325 | D:2      | Killed Natasha
  1458 | D:2      | Noticed Jessica
  1460 | D:2      | Killed Jessica
  1460 | D:2      | Reached skill level 5 in Fighting
  1460 | D:2      | Reached skill level 6 in Axes
  2646 | D:3      | Found a runed translucent door.
  2647 | D:3      | Noticed Crazy Yiuf
  2652 | D:3      | Killed Crazy Yiuf
  2756 | D:3      | Reached *** piety under Trog
  2894 | D:4      | Found an iron altar of Okawaru.
  2904 | D:4      | Reached XP level 7. HP: 50/61 MP: 6/6
  3064 | D:4      | Found an ancient bone altar of Kikubaaqudgha.
  3100 | D:4      | Got a transparent diamond amulet
  3149 | D:4      | Reached skill level 7 in Axes
  3693 | D:4      | Reached skill level 5 in Armour
  3885 | D:5      | Entered Level 5 of the Dungeon
  3919 | D:5      | Noticed Duvessa
  3919 | D:5      | Noticed Dowan
  3921 | D:5      | Noticed Ijyb
  3930 | D:5      | Killed Dowan
  3935 | D:5      | Killed Ijyb
  3937 | D:5      | HP: 2/93 [poisoned by Ijyb (poison gas)]
  3938 | D:5      | Succumbed to Ijyb's poison gas

Levels and vault maps discovered:
D:1:      sevenhm_arrival_forest_fort_small_5, layout_basic, serial_curves,
          eino_curves_04, eino_curves_04
D:2:      layout_rooms, guppyfry_early_orc_mine, uniq_jessica, uniq_natasha,
          uniq_sigmund
D:3:      layout_loops_ring, first_ration, uniq_crazy_yiuf_cottage
D:4:      layout_loops_ring, kiku_gazebo_garden_becter,
          nicolae_overflow_crystal_walls
D:5:      layout_gridville, zin_purify, minmay_temple_entry_gardened_gates,
          uniq_grinder, uniq_duvessa, uniq_ijyb

Skill      XL: |  1  2  3  4  5  6  7 |
---------------+----------------------+-----
Axes           | 4 5 6 7 |  7.5
Fighting       | 4 5 |  5.9
Armour         | 3 4 5 |  5.2
Dodging        | 3 4 |  4.7

Action                   |  1- 3 |  4- 6 |  7- 9 || total
-------------------------+-------+-------+-------++-------
Melee: Hand axe          |    51 |   115 |    69 ||   235
       Headbutt          |     7 |    17 |    11 ||    35
Throw: Stone             |    40 |    81 |    40 ||   161
Invok: Berserk           |     1 |     3 |     1 ||     5
       Trog's Hand       |       |     2 |     1 ||     3
  Use: Potion            |       |       |     1 ||     1
  Eat: Chunk             |     1 |    10 |     3 ||    14
Armor: Animal skin       |     4 |     3 |       ||     7
       Scale mail        |       |    14 |    19 ||    33
Dodge: Dodged            |    30 |    66 |    35 ||   131

Table legend:
 A = Non-vault XP
 B = Vault XP
 C = Vault XP percentage of total XP
 D = Non-vault monster count
 E = Vault monster count
 F = Vault count percentage of total count
                 A         B        C        D         E       F
            +---------+---------+-------+---------+---------+-------
      Total |     756 |     452 |  37.4 |      96 |      13 |  11.9
            +---------+---------+-------+---------+---------+-------
        D:1 |      40 |       0 |   0.0 |      21 |       0 |   0.0
        D:2 |     135 |     321 |  70.4 |      30 |      10 |  25.0
        D:3 |     174 |      41 |  19.1 |      20 |       1 |   4.8
        D:4 |     312 |       0 |   0.0 |      17 |       0 |   0.0
        D:5 |      95 |      90 |  48.6 |       8 |       2 |  20.0
            +---------+---------+-------+---------+---------+-------
